 Dungeon Crawl Stone Soup version 0.21-a0-72-gbbb65ab (webtiles) character file.

4034 xgamer67 the Frost Mage (level 10, -1/68 HPs)
             Began as a Demonspawn Ice Elementalist on June 20, 2017.
             Was a Believer of Ashenzari.
             Slain by an ice beast (4 damage)
             ... on level 9 of the Dungeon.
             The game lasted 00:36:29 (12789 turns).

xgamer67 the Frost Mage (DsIE)                     Turns: 12789, Time: 00:36:29

Health: -1/68      AC:  4    Str:  8      XL:     10   Next: 4%
Magic:  20/26      EV: 11    Int: 20      God:    Ashenzari [**....]
Gold:   328        SH:  0    Dex: 10 (14) Spells: 5/19 levels left

rFire    . . .     SeeInvis .   a - +3 dagger (flame)
rCold    . . .     Gourm    .   (no shield)
rNeg     . . .     Faith    .   g - +1 leather armour
rPois    .         Spirit   .   (no helmet)
rElec    .         Reflect  .   (no cloak)
rCorr    .         Harm     .   (no gloves)
MR       +....                  (no boots)
Stlth    +.........             (no amulet)
HPRegen  0.21/turn              r - ring of magical power (curse)
MPRegen  0.20/turn              B - ring of protection from magic

@: very slightly contaminated, drained
A: talons 2, powered by death 1, rot immunity
a: Curse Item, Scrying, Renounce Religion


You were on level 9 of the Dungeon.
You worshipped Ashenzari.
Ashenzari was pleased with you.
You were not hungry.

You visited 1 branch of the dungeon, and saw 9 of its levels.

You collected 328 gold pieces.

Inventory:

Hand Weapons
 a - a +3 dagger of flaming (weapon)
 x - a +0 dagger of venom
 y - a +2 falchion of protection
 A - a +1 long sword of flaming
 C - the +8 glaive of the Guard {elec, +Rage AC+5 SInv}
   (You found it on level 9 of the Dungeon)

   Occasionally, upon striking a foe, it will discharge some electrical energy
   and cause terrible harm.
   It affects your AC (+5).
   It lets you see invisible.
   It lets you go berserk.
Missiles
 o - 4 curare-tipped needles
Armour
 g - a +1 leather armour (worn)
Jewellery
 r - a cursed ring of magical power (left hand)
 u - an uncursed amulet of guardian spirit
 w - a cursed ring of ice
 B - a ring of protection from magic (right hand)
Wands
 n - a wand of confusion (31/48)
 p - a wand of random effects (27/48)
 v - a wand of digging (14/24)
 z - a wand of polymorph (15/24)
Scrolls
 h - 2 scrolls of enchant armour
 i - a scroll of immolation
 j - 3 scrolls of identify
 l - 3 scrolls of remove curse
Potions
 b - a potion of resistance
 d - 3 potions of flight
 e - 3 potions of curing
 k - a potion of might
 m - 3 potions of mutation
 q - 2 potions of brilliance
 s - 2 potions of heal wounds
Comestibles
 c - 9 bread rations
 f - 5 meat rations
 t - 2 royal jellies


   Skills:
 + Level 2.6(1.9) Fighting
 - Level 1.7(1.1) Dodging
 + Level 2.4(1.8) Stealth
 - Level 5.0(4.3) Spellcasting
 - Level 6.0(5.3) Conjurations
 - Level 5.0(4.3) Charms
 - Level 6.0(5.2) Summonings
 - Level 8.0(7.2) Ice Magic


You had 5 spell levels left.
You knew the following spells:

 Your Spells              Type           Power        Failure   Level  Hunger
a - Freeze                Ice            ####         1%          1    None
b - Throw Frost           Conj/Ice       ####..       1%          2    #......
c - Throw Icicle          Conj/Ice       ####....     13%         4    ####...
d - Summon Ice Beast      Ice/Summ       ####....     14%         4    ####...
e - Ozocubu's Armour      Chrm/Ice       ####....     4%          3    ###....


Dungeon Overview and Level Annotations

Branches:
Dungeon (9/15)             Temple (0/1) D:7
   Lair: D:8-11         Orc: D:9-12

Altars:
Ashenzari
Elyvilon
Fedhas
Gozag
Kikubaaqudgha
Makhleb
Okawaru
Sif Muna
Trog
Wu Jian
Yredelemnul

Shops:
D:6 *

Annotations:
D:5 xgamer67's ghost, novice DsNe


Innate Abilities, Weirdness & Mutations

You have razor-sharp toenails.
You regenerate a little health from kills.
You are immune to rotting.


Message History

Your ice beast hits the ice beast.
Your ice beast freezes the ice beast.
The ice beast completely resists.
There is an open door here.
You completely miss the ice beast. You claw the ice beast.
The ice beast is severely wounded.
The ice beast hits you. The ice beast freezes you!
* * * LOW HITPOINT WARNING * * *
Your ice beast closely misses the ice beast.
Casting: Summon Ice Beast
Confirm with . or Enter, or press ? or * to list all spells.
You miscast Summon Ice Beast.
You are very lightly contaminated with residual magic.
Your hands feel numb with cold.
The ice beast hits you.
* * * LOW HITPOINT WARNING * * *
The ice beast freezes you!
* * * LOW HITPOINT WARNING * * *
Your ice beast hits the ice beast.
Your ice beast freezes the ice beast.
The ice beast completely resists.
The ice beast hits you.
You die...

.#..................# , ,
.#..................#, ,
,
.#............Y.....#,,,,
, .#########...###'#####
* ....(....#...#.......#
, ...#.....#...#.......#,
#..#.....#...#.......# ,
, #..#.....#...#.......#
,, ,
#........#...#..@....# ,
.........#####...Y...#, ,
..######## #####'###, * ,
..# #..Y.#* #.# #....#,,,
, #.# #....#, ,, #)#
#....# , , ..## * *##...#
, ...#* *, #...#** * ,


You could see an ice beast and a friendly ice beast.

Vanquished Creatures
  A spriggan (D:7)
  Eustachio (D:6)
  An orc warrior (D:6)
  2 black bears
  A phantom (D:9)
  3 sky beasts
  5 ogres
  A big kobold (D:7)
  4 bullfrogs
  Dowan (D:7)
  3 killer bees
  2 scorpions
  3 wights
  A howler monkey (D:5)
  A crimson imp (D:6)
  2 quasits
  A bullfrog zombie (D:5)
  2 centaur skeletons
  An orc priest (D:6)
  6 hounds
  3 jellies
  An orc wizard (D:7)
  Terence (D:2)
  8 worker ants
  3 iguanas
  A hound zombie (D:6)
  8 adders
  A shadow imp (D:7)
  3 adder skeletons
  An adder zombie (D:6)
  A worm (D:2)
  A dart slug (D:4)
  5 leopard geckos
  9 orcs
  6 giant cockroaches
  6 goblins
  5 hobgoblins
  9 jackals
  6 quokkas
  9 bats
  4 frilled lizards
  21 kobolds
  6 rats
160 creatures vanquished.

Vanquished Creatures (collateral kills)
  A hippogriff (D:9)
  Duvessa (D:7)
  2 orc warriors
  A sky beast (D:6)
  2 ogres
  A black bear (D:7)
  2 ice beasts
  A centaur (D:7)
  A big kobold (D:6)
  A scorpion (D:7)
  8 wights
  2 howler monkeys (D:9)
  A crimson imp (D:6)
  An orc priest (D:6)
  A centaur skeleton (D:7)
  An orc wizard (D:6)
  A worker ant (D:7)
  4 orcs
32 creatures vanquished.

Vanquished Creatures (others)
  An orc wizard (D:7)
1 creature vanquished.

Grand Total: 193 creatures vanquished

Notes
Turn   | Place    | Note
-------+----------+-------------------------------------------
     0 | D:1      | xgamer67 the Demonspawn Ice Elementalist began the quest for the Orb.
     0 | D:1      | Reached XP level 1. HP: 13/13 MP: 3/3
    46 | D:1      | Reached skill level 3 in Ice Magic
   373 | D:1      | Gained mutation: You are immune to rotting. [demonic ancestry]
   373 | D:1      | Reached XP level 2. HP: 16/19 MP: 5/5
  1202 | D:1      | Learned a level 2 spell: Throw Frost
  1625 | D:2      | Gained mutation: You have sharp toenails. [demonic ancestry]
  1625 | D:2      | Reached XP level 3. HP: 24/24 MP: 6/6
  1649 | D:2      | Found a shattered altar of Ashenzari.
  1658 | D:2      | Noticed Terence
  1693 | D:2      | Killed Terence
  1693 | D:2      | Reached skill level 4 in Ice Magic
  1797 | D:2      | Became a worshipper of Ashenzari the Shackled
  1934 | D:2      | Reached XP level 4. HP: 30/30 MP: 7/7
  1939 | D:2      | Learned a level 3 spell: Ozocubu's Armour
  2590 | D:2      | Found an ancient bone altar of Kikubaaqudgha.
  2852 | D:3      | Reached skill level 5 in Ice Magic
  2925 | D:3      | Reached * piety under Ashenzari
  3341 | D:4      | Found a burning altar of Makhleb.
  3424 | D:4      | Reached XP level 5. HP: 35/35 MP: 8/8
  3602 | D:4      | Found a bloodstained altar of Trog.
  3630 | D:4      | Found an iron altar of Okawaru.
  3798 | D:4      | Noticed an ogre
  4052 | D:5      | Entered Level 5 of the Dungeon
  4063 | D:5      | Reached skill level 6 in Ice Magic
  4267 | D:4      | Gained mutation: You regenerate a little health from kills. [demonic ancestry]
  4267 | D:4      | Reached XP level 6. HP: 38/41 MP: 9/9
  4781 | D:5      | Noticed xgamer67's ghost (novice DsNe)
  4877 | D:5      | Reached skill level 1 in Charms
  5171 | D:5      | Got the cursed robe of Feasting {rN+++ rCorr Int-3}
  5176 | D:5      | Got the cursed ring mail "Yriddyom" {MR+}
  5323 | D:5      | Found an ornate altar of the Wu Jian Council.
  5935 | D:4      | Reached XP level 7. HP: 13/46 MP: 8/11
  5942 | D:4      | Learned a level 4 spell: Summon Ice Beast
  6464 | D:5      | Reached skill level 1 in Summonings
  6834 | D:5      | Gained mutation: You have razor-sharp toenails. [demonic ancestry]
  6834 | D:5      | Reached XP level 8. HP: 43/52 MP: 12/12
  7454 | D:6      | Found an opulent altar of Gozag.
  7457 | D:6      | Found Gozag's Platinum Reserve.
  7821 | D:6      | Reached skill level 7 in Ice Magic
  8161 | D:6      | Found a deep blue altar of Sif Muna.
  8525 | D:6      | Learned a level 4 spell: Throw Icicle
  8975 | D:6      | Reached XP level 9. HP: 44/57 MP: 10/15
  9247 | D:6      | Noticed Eustachio
  9273 | D:6      | Killed Eustachio
  9485 | D:6      | Identified the cursed +1 ring mail "Yriddyom" {MR+} (You found it on level 5 of the Dungeon)
  9660 | D:7      | Reached skill level 5 in Summonings
  9785 | D:7      | Found a staircase to the Ecumenical Temple.
  9833 | D:7      | Found a basalt altar of Yredelemnul.
  9879 | D:7      | Reached ** piety under Ashenzari
  9917 | D:7      | Reached skill level 5 in Conjurations
 10888 | D:7      | Noticed Duvessa
 10888 | D:7      | Noticed Dowan
 10905 | D:7      | Killed Dowan
 10905 | D:7      | Reached skill level 5 in Spellcasting
 10920 | D:7      | Killed Duvessa
 10920 | D:7      | Reached skill level 8 in Ice Magic
 11263 | D:7      | Found a white marble altar of Elyvilon.
 11594 | D:9      | Reached skill level 1 in Fighting
 12238 | D:9      | Reached skill level 5 in Charms
 12308 | D:9      | Found a blossoming altar of Fedhas.
 12477 | D:9      | Reached XP level 10. HP: 65/68 MP: 15/17
 12788 | D:9      | HP: 3/68 [ice beast (13)]
 12789 | D:9      | Slain by an ice beast

Vault maps used:
D:1:      dpeg_arrival_short_road
D:2:      ashenzari_altar_1, lemuel_doored_altar, uniq_terence
D:3:      first_bread
D:4:      bloody_trog, lemuel_round_altar, marbit_many_paths,
          kennysheep_minor_cross
D:5:      lemuel_round_altar
D:6:      nicolae_gozag_zags_fifth_avenue, kennysheep_little_box, uniq_eustachio
D:7:      kennysheep_ying_yang, minmay_temple_entry_grid, the_bakery,
          kennysheep_cluttered_room, uniq_duvessa
D:8:      minmay_the_grid_triangle_9x9_recursive_2, kb_xom_exploding_sheep,
          lair_entry_dummy, uniq_grum
D:9:      fedhas_altar_3

Skill      XL: |  1  2  3  4  5  6  7  8  9 |
---------------+----------------------------+-----
Ice Magic      | 3 4 5 6 7 8 |  8.0
Charms         | 2 3 5 |  5.0
Conjurations   | 2 3 4 6 |  6.0
Spellcasting   | 3 4 5 |  5.0
Summonings     | 3 4 6 |  6.0
Fighting       | 2 |  2.6
Stealth        | 2 |  2.4
Dodging        | |  1.7

Action                   |  1- 3 |  4- 6 |  7- 9 | 10-12 || total
-------------------------+-------+-------+-------+-------++-------
Melee: Short sword       |    31 |       |       |       ||    31
       Unarmed           |     1 |       |       |       ||     1
       Dagger            |   100 |   116 |   198 |     9 ||   423
       Kick              |     2 |    23 |    45 |     3 ||    73
 Cast: Freeze            |    12 |    49 |   123 |     5 ||   189
       Throw Frost       |       |    12 |    37 |       ||    49
       Ozocubu's Armour  |       |     4 |     9 |       ||    13
       Summon Ice Beast  |       |       |    41 |     2 ||    43
Invok: Curse Item        |       |     1 |       |       ||     1
  Use: Scroll            |       |    12 |    10 |       ||    22
       Potion            |       |     1 |     1 |       ||     2
 Stab: Sleeping          |     2 |     4 |     3 |       ||     9
       Distracted        |       |       |     3 |       ||     3
  Eat: Chunk             |     3 |    14 |    23 |     1 ||    41
       Bread ration      |       |       |     1 |       ||     1
       Royal jelly       |       |       |     1 |     1 ||     2
       Fruit             |       |       |     1 |       ||     1
Armor: Robe              |    13 |       |       |       ||    13
       Leather armour    |    20 |    37 |   107 |       ||   164
Dodge: Dodged            |    84 |    95 |   182 |     9 ||   370
